 Dungeon Crawl Stone Soup version 0.21-a0-401-g0b6bec4 (webtiles) character file.

3 4thArraOfDagon the Vexing (level 1, -4/15 HPs)
             Began as a Barachi Arcane Marksman on Oct 25, 2017.
             Slain by an ogre
             ... wielding a +0 giant club
              (19 damage)
             ... on level 4 of the Dungeon.
             The game lasted 00:01:22 (243 turns).

4thArraOfDagon the Vexing (Barachi Arcane Marksman)  Turns: 243, Time: 00:01:23

Health: -4/15      AC:  2    Str: 11    XL:     1   Next: 50%
Magic:  2/2        EV: 12    Int: 13    God:
Gold:   27         SH:  0    Dex: 12    Spells: 1/2 levels left

rFire    . . .     SeeInvis .   (no weapon)
rCold    . . .     Gourm    .   (no shield)
rNeg     . . .     Faith    .   a - +0 robe
rPois    .         Spirit   .   (no helmet)
rElec    .         Reflect  .   (no cloak)
rCorr    .         Harm     .   (no gloves)
MR       .....                  (no boots)
Stlth    +.........             (no amulet)
HPRegen  0.05/turn              (no ring)
MPRegen  0.08/turn              (no ring)

@: very slightly contaminated, invisible, slow
A: +LOS, swims, slowness 1, strong legs 1
a: Hop


You were on level 4 of the Dungeon.
You were not hungry.

You visited 1 branch of the dungeon, and saw 5 of its levels.

You collected 27 gold pieces.

Inventory:

Missiles
 c - a javelin (quivered)
 d - 2 throwing nets
Armour
 a - a +0 robe (worn)
Scrolls
 e - a scroll of identify
Books
 b - a book of Debilitation

   Spells                             Type                      Level
   a - Corona                         Hexes                        1
   b - Slow                           Hexes                        2
   c - Inner Flame                    Hexes/Fire                   3
   d - Portal Projectile              Hexes/Translocation          3
   e - Cause Fear                     Hexes                        4
   f - Leda's Liquefaction            Hexes/Earth                  4
Comestibles
 f - a bread ration
 g - a royal jelly


   Skills:
 - Level 1.2 Fighting
 * Level 2.3 Throwing
 - Level 2.1 Dodging
 - Level 1.1 Spellcasting
 - Level 3.2 Hexes


You had one spell level left.
You knew the following spells:

 Your Spells              Type           Power        Failure   Level  Hunger
a - Corona                Hex            #......      8%          1    ##.....


Dungeon Overview and Level Annotations

Branches:
Dungeon (5/15)
 Temple: D:4-7

Altars:

Annotations:
D:5 Edmund


Innate Abilities, Weirdness & Mutations

Shadows flee at your approach. (+LOS)
You can swim through water.
You cover ground slowly.
You can hop short distances.


Message History

You see here a scroll labeled LESUUXTIKK.
h - a scroll labeled LESUUXTIKK The ogre completely misses you.
As you read the scroll labeled LESUUXTIKK, it crumbles to dust.
It is a scroll of recharging.
You aren't carrying any rechargeable items.
Unknown command.
Unknown command.
A gnoll comes into view. It is wielding a whip.
The ogre closely misses you.
You see here a puce potion.
It was a potion of invisibility.
You fade into invisibility!
The ogre closely misses you.
You are very lightly contaminated with residual magic.
Unknown command.
Unknown command.
The ogre hits you with a giant club!!
Ouch! That really hurt!
You die...

...#####..##
............
...g.......
...........
..........#
.........##
#.......#
#.....#
#.@..##
##.O..#
#....#
##...## #.
#....#####
#..
#........#
#..#
#...##.###
##...#
##..(####.#
##.....#
#...### #.##


You could see an ogre and a gnoll (sleeping).

Vanquished Creatures
  An orc (D:3)
  A kobold (D:2)
  A rat (D:3)
3 creatures vanquished.

Notes
Turn   | Place    | Note
-------+----------+-------------------------------------------
     0 | D:1      | 4thArraOfDagon the Barachi Arcane Marksman began the quest for the Orb.
     0 | D:1      | Reached XP level 1. HP: 15/15 MP: 2/2
   147 | D:4      | Noticed a worker ant
   175 | D:5      | Entered Level 5 of the Dungeon
   175 | D:5      | Noticed Edmund
   191 | D:4      | Noticed an ogre
   243 | D:4      | Slain by an ogre

Vault maps used:
D:1:      lemuel_arrival_broad_hall, st_stairs_13, minmay_pentomino_x4
D:2:      first_bread, serial_park_tiny_1
D:3:      lemuel_round_altar
D:4:      nicolae_overflow_hidden_temple, enter_ossuary_3
D:5:      grunt_temple_overflow_order_and_chaos_2, marbit_many_paths,
          lemuel_doored_altar, minmay_temple_entry_overgrown, uniq_menkaure,
          uniq_edmund

Action                   || total
-------------------------++-------
Melee: Unarmed           ||     1
Throw: Javelin           ||     6
  Use: Scroll            ||     3
       Potion            ||     1
Dodge: Dodged            ||     7

Table legend:
 A = Spawn XP
 B = Non-spawn XP
 C = Spawn XP percentage of total XP
 D = Spawn monster count
 E = Non-spawn monster count
 F = Spawn count percentage of total count
 G = Total turns spent on level
                    A         B        C        D         E        F      G
               +---------+---------+-------+---------+---------+-------+---------
         Total |       0 |       5 |   0.0 |       0 |       3 |   0.0 |   243
               +---------+---------+-------+---------+---------+-------+---------
           D:2 |       0 |       1 |   0.0 |       0 |       1 |   0.0 |    38
           D:3 |       0 |       4 |   0.0 |       0 |       2 |   0.0 |    65
               +---------+---------+-------+---------+---------+-------+---------
